 Dungeon Crawl Stone Soup version 0.29-a0-885-gb26ba3297d (webtiles) character file.

Game seed: 13023555777497753756

112 jimonade the Sneak (level 5, -2/31 HPs)
             Began as a Kobold Brigand on July 20, 2022.
             Slain by an orc wizard
             ... wielding a +0 dagger
              (3 damage)
             ... on level 3 of the Dungeon.
             The game lasted 00:03:17 (2319 turns).

jimonade the Sneak (Kobold Brigand)                 Turns: 2319, Time: 00:03:17

Health: -2/31      AC:  4    Str:  8    XL:     5   Next: 16%
Magic:  5/5        EV: 14    Int: 12    God:
Gold:   161        SH:  0    Dex: 19    Spells: 4/4 levels left

rFire   . . .      SeeInvis .   a - +2 dagger
rCold   . . .      Faith    .   (no shield)
rNeg    . . .      Spirit   .   q - +0 leather armour
rPois   .          Reflect  .   (no helmet)
rElec   .          Harm     .   c - +0 cloak
rCorr   .          Rampage  .   (no gloves)
Will    .....                   (no boots)
Stlth   ++........              (no amulet)
HPRegen 0.10/turn               (no ring)
MPRegen 0.09/turn               (no ring)

@: confused
A: small, no large weapons, nightstalker 3
a: no special abilities


You were on level 3 of the Dungeon.
You visited 1 branch of the dungeon, and saw 3 of its levels.

You collected 161 gold pieces.

Inventory:

Hand Weapons
 a - a +2 dagger (weapon)
 r - a +2 falchion of holy wrath
Missiles
 d - 9 poisoned darts (quivered)
 e - 3 curare-tipped darts
 l - 4 boomerangs
Armour
 b - a +0 robe
 c - a +0 cloak (worn)
 n - a +0 ring mail
 q - a +0 leather armour (worn)
Scrolls
 h - 2 scrolls of enchant armour {unknown}
 i - a scroll of teleportation {unknown}
 k - a scroll of noise {unknown}
 m - a scroll of poison {unknown}
 o - a scroll of identify {unknown}
 p - a scroll of brand weapon {unknown}
Potions
 f - a potion of haste {unknown}
 g - a potion of attraction {unknown}
 j - a potion of degeneration {unknown}


   Skills:
 + Level 2.4 Fighting
 + Level 3.7 Short Blades
 - Level 2.1 Throwing
 + Level 1.5 Dodging
 * Level 7.7 Stealth


You had 4 spell levels left.
You didn't know any spells.
Your spell library contained the following spells:

 Spells                   Type           Power      Damage    Failure   Level
 Summon Small Mammal      Summ           0%         N/A       43%         1
 Call Canine Familiar     Summ           0%         N/A       82%         3
 Summon Guardian Golem    Hex/Summ       0%         N/A       82%         3


Dungeon Overview and Level Annotations

Branches:
Dungeon (3/15)

Altars:

Shops:
D:3 [


Innate Abilities, Weirdness & Mutations

You are small and have problems with some larger weapons.
You are completely attuned to the shadows.


Message History

* * * LOW HITPOINT WARNING * * *
You bump into the rock wall.
You feel less confused. The orc wizard barely misses you.
You closely miss the orc wizard.
The orc wizard is lightly wounded.
The orc wizard hits you but does no damage.
You hit the orc wizard but do no damage.
The orc wizard is lightly wounded.
The orc wizard hits you but does no damage.
You closely miss the orc wizard.
The orc wizard is lightly wounded.
You hit the orc wizard but do no damage.
The orc wizard is lightly wounded.
The orc wizard hits you with a +0 dagger.
* * * LOW HITPOINT WARNING * * *
You hit the orc wizard.
The orc wizard is lightly wounded.
The orc wizard closely misses you.
You hit the orc wizard.
The orc wizard is moderately wounded.
The orc wizard gestures at you while chanting.
You are confused.
You hit the orc wizard.
The orc wizard is heavily wounded.
The orc wizard hits you with a +0 dagger.
* * * LOW HITPOINT WARNING * * *
The orc wizard attacks as you move away!
The orc wizard hits you with a +0 dagger.
* * * LOW HITPOINT WARNING * * *
You barely miss the orc wizard.
The orc wizard is heavily wounded.
You bump into the rock wall.
The orc wizard closely misses you.
You bump into the rock wall.
The orc wizard hits you with a +0 dagger.
* * * LOW HITPOINT WARNING * * *
You completely miss the orc wizard.
The orc wizard is heavily wounded.
The orc wizard hits you with a +0 dagger.
You die...

...... ##### #.... ......
.b. #...... #)# #......
###.##############......
......)o@.........'......
#####†######.######......
#.######.######...###
#..#............###
##.#.###.######.# ##.#.#
#.# #.### #....# #.#
#...## #...## #.# #....##
#.#.####.######..#..#


You could see an orc wizard.

Vanquished Creatures
  4 adders
  4 worms
  4 orcs
  5 ball pythons
  7 endoplasms
  2 giant cockroaches (D:2)
  8 goblins
  6 hobgoblins
  2 quokkas
  4 bats
  A frilled lizard (D:1)
  5 kobolds (D:1)
  6 rats
  A butterfly (D:1)
59 creatures vanquished.

Notes
Turn   | Place    | Note
-------+----------+-------------------------------------------
     0 | D:1      | jimonade the Kobold Brigand began the quest for the Orb.
     0 | D:1      | Reached XP level 1. HP: 12/12 MP: 1/1
   170 | D:1      | Reached XP level 2. HP: 17/17 MP: 2/2
   449 | D:1      | Reached skill level 6 in Stealth
   637 | D:1      | Reached XP level 3. HP: 22/22 MP: 3/3
  1044 | D:2      | Reached skill level 7 in Stealth
  1044 | D:2      | Reached XP level 4. HP: 27/27 MP: 4/4
  1739 | D:2      | Found a faded altar of an unknown god.
  1952 | D:3      | Found Fih Fair's Armour Shop.
  1957 | D:3      | Reached XP level 5. HP: 31/31 MP: 5/5
  2318 | D:3      | HP: 1/31 [orc wizard/+0 dagger (1)]
  2319 | D:3      | Slain by an orc wizard

Illustrated notes

Levels and vault maps discovered:
D:1:      spicycebolla_arrival_clurvy, layout_basic, hangedman_decor_slide_cut,
          minmay_pentomino_w2
D:2:      layout_basic, ebering_ecumenical_altar_webs, lemuel_another_geyser
D:3:      layout_basic, serial_shops, nicolae_shop_waterfront,
          grunt_decor_mini_mirrors, chequers_serial_rivers_large_a

Skill      XL: |  1  2  3 |
---------------+----------+-----
Short Blades   | 3 |  3.7
Stealth        | 6 7 |  7.7
Fighting       | |  2.4
Throwing       | |  2.1
Dodging        | |  1.5

Action                   |  1- 3 |  4- 6 || total
-------------------------+-------+-------++-------
Melee: Dagger            |    70 |    81 ||   151
       Punch             |       |     1 ||     1
 Stab: Sleeping          |    20 |     9 ||    29
       Distracted        |     1 |       ||     1
Armor: Robe              |     8 |     3 ||    11
       Leather armour    |       |     6 ||     6
Dodge: Dodged            |    31 |    33 ||    64

Table legend: (Time is in decaauts)
 A = Elapsed time spent in this place.
 B = Non-inter-level travel time spent in this place.
 C = Inter-level travel time spent in this place.
 D = Time resting spent in this place.
 E = Time spent auto-exploring this place.
 F = Levels seen in this place.
 G = Mean time per level.
                   A        B        C        D        E       F      G
               +--------+--------+--------+--------+--------+-----+--------+
         Total |   2296 |   2254 |     42 |    280 |   1525 |   3 |  765.3 |
       Dungeon |   2296 |   2254 |     42 |    280 |   1525 |   3 |  765.3 |
               +--------+--------+--------+--------+--------+-----+--------+

Top non-repeatable levels by time:
     D:2: 1084 daAuts
     D:1: 852 daAuts
     D:3: 360 daAuts
